 Dungeon Crawl Stone Soup version 0.19.0-2-gae57169 (webtiles) character file.

88261 Medar the Devastator (level 15, 0/80 HPs)
             Began as a Tengu Fire Elementalist on Nov 5, 2016.
             Was a High Priest of Sif Muna.
             Hit by a large rock thrown by a cyclops (40 damage)
             ... on level 14 of the Dungeon.
             The game lasted 02:44:48 (37563 turns).

Medar the Devastator (Tengu Fire Elementalist)     Turns: 37563, Time: 02:44:49

Health: 0/80       AC: 14    Str:  5    XL:     15   Next: 93%
Magic:  22/31      EV: 14    Int: 24    God:    Sif Muna [*****.]
Gold:   861        SH: 10    Dex: 11    Spells: 9 memorised, 2 levels left

rFire  + + .     SeeInvis .     a - +9 demon trident (elec)
rCold  + . .     Gourm    .     e - +2 ring mail {rF+}
rNeg   + + .     Faith    +     x - +5 buckler of the Volcano {rF+ rN+ Str-3}
rPois  +         Spirit   .     R - +0 hat
rElec  .         Reflect  .     W - +2 ratskin cloak {rPois rN+ Int-1 Dex-1}
rCorr  .         Harm     .     t - +2 pair of gloves of Daraesse {Int+4 Dex-4}
MR     +....                    (boots unavailable)
Stlth  +.........               O - amulet of faith
                                H - ring of protection from cold
                                z - ring of wizardry

@: flying quickly and evasively, repel missiles, quick
A: beak, talons 3, able to fly 2
a: Stop Flying, Divine Energy, Channel Magic, Forget Spell, Renounce Religion


You were on level 14 of the Dungeon.
You worshipped Sif Muna.
Sif Muna was extremely pleased with you.
You were very hungry.

You visited 4 branches of the dungeon, and saw 23 of its levels.
You also visited: Labyrinth, Sewer and Volcano.

You collected 2049 gold pieces.
You spent 1188 gold pieces at shops.

Inventory:

Hand Weapons
 a - a +9 demon trident of electrocution (weapon)
Armour
 e - a +2 ring mail of fire resistance (worn)
 t - the +2 pair of gloves of Daraesse (worn) {Int+4 Dex-4}
   (You bought it in a shop on level 2 of the Orcish Mines)

   It affects your intelligence (+4).
   It affects your dexterity (-4).
 w - the +3 leather armour of Circular Logic {rF+ Int-3 Dex+2}
   (You found it on level 4 of the Dungeon)

   It affects your intelligence (-3).
   It affects your dexterity (+2).
   It protects you from fire.
 x - the +5 buckler of the Volcano (worn) {rF+ rN+ Str-3}
   (You acquired it on level 11 of the Dungeon)

   It affects your strength (-3).
   It protects you from fire.
   It protects you from negative energy.
 L - the +1 ring mail of the Earth {rPois rC- Regen+}
   (You found it on level 7 of the Dungeon)

   It makes you vulnerable to cold.
   It protects you from poison.
   It increases your rate of regeneration.
 R - a +0 hat (worn)
 W - the +2 ratskin cloak (worn) {rPois rN+ Int-1 Dex-1}
   (You found it in a labyrinth)

   It affects your intelligence (-1).
   It affects your dexterity (-1).
   It protects you from poison.
   It protects you from negative energy.
Rods
 k - a +4 rod of ignition (12/12) {!a}
   (You found it in a labyrinth)
Jewellery
 q - an uncursed ring of resist corrosion
 z - a ring of wizardry (left hand)
 H - a ring of protection from cold (right hand)
 K - an uncursed ring of ice
 O - an amulet of faith (around neck)
 U - the ring "Finig" {rElec Str+3 Dex-5 Stlth+}
   (You found it in a labyrinth)

   [ring of stealth]

   It affects your strength (+3).
   It affects your dexterity (-5).
   It insulates you from electricity.
   It makes you more stealthy.
Wands
 f - a wand of iceblast (9/15)
 y - a wand of heal wounds (4/9)
 J - a wand of iceblast (7/15)
 P - a wand of acid (4/15)
 S - a wand of disintegration (0/24)
Scrolls
 d - 4 scrolls of teleportation
 h - a scroll of identify {@r2}
 i - 4 scrolls of magic mapping {@r3}
 j - 8 scrolls of immolation
 l - a scroll of fog
 o - a scroll of brand weapon {unknown}
 C - 6 scrolls of enchant armour
 D - 7 scrolls of recharging
 G - 2 scrolls of remove curse {@r1}
 I - a scroll of fear
 T - a scroll of holy word {unknown}
 Z - a scroll of summoning {unknown}
Potions
 b - a potion of resistance
 g - 5 potions of brilliance
 m - 2 potions of lignification
 n - 6 potions of curing {@q1}
 r - 3 potions of heal wounds
 v - a potion of ambrosia
 A - 4 potions of might
 B - 3 potions of magic
 E - a potion of cancellation
 F - a potion of berserk rage {!q}
 X - a potion of agility
Books
 s - a book of Conjurations

   Spells                             Type                      Level
   a - Magic Dart                     Conjuration                  1
   b - Searing Ray                    Conjuration                  2
   c - Dazzling Spray                 Conjuration/Hexes            3
   d - Fulminant Prism                Conjuration/Hexes            4
   e - Iskenderun's Mystic Blast      Conjuration                  4
   f - Iskenderun's Battlesphere      Conjuration/Charms           5
 u - a book of Maledictions

   Spells                             Type                      Level
   a - Corona                         Hexes                        1
   b - Ensorcelled Hibernation        Hexes/Ice                    2
   c - Confuse                        Hexes                        3
   d - Tukima's Dance                 Hexes                        3
   e - Dazzling Spray                 Conjuration/Hexes            3
 V - a book of Cantrips

   Spells                             Type                      Level
   a - Confusing Touch                Hexes                        1
   b - Animate Skeleton               Necromancy                   1
   c - Summon Small Mammal            Summoning                    1
   d - Apportation                    Translocation                1
Comestibles
 c - 8 bread rations {@e1}
 p - 4 beef jerkies
 M - 13 fruits {@e3}
 Q - 8 meat rations {@e2}


   Skills:
 - Level 4.5 Fighting
 - Level 10.6 Polearms
 - Level 6.3 Armour
 - Level 9.5 Dodging
 - Level 2.0 Stealth
 - Level 4.7 Shields
 - Level 11.3 Spellcasting
 - Level 17.5 Conjurations
 - Level 2.5 Charms
 - Level 6.5 Translocations
 + Level 11.0 Fire Magic
 - Level 4.1 Air Magic
 - Level 4.7 Invocations


You had 2 spell levels left.
You knew the following spells:

 Your Spells              Type           Power        Failure   Level  Hunger
b - Throw Flame           Conj/Fire      ######       1%          2    None
c - Iskenderun's Mystic   Conj           #######.     1%          4    None
m - Orb of Destruction    Conj           #######...   6%          7    #######
n - Bolt of Magma         Conj/Fire/Erth ######....   4%          5    ####...
r - Repel Missiles        Chrm/Air       ####..       4%          2    None
s - Conjure Flame         Conj/Fire      ######..     1%          3    None
v - Sticky Flame          Conj/Fire      ######..     1%          4    None
w - Blink                 Tloc           N/A          1%          2    None
x - Fireball              Conj/Fire      ######....   1%          5    ####...


Dungeon Overview and Level Annotations

Branches:
Dungeon (14/15)            Temple (1/1) D:5            Lair (6/6) D:9
  Swamp (0/4) Lair:4        Snake (0/4) Lair:2        Slime (0/5) Lair:5
    Orc (2/2) D:12            Elf (0/3) Orc:2        Vaults (0/5) D:13

Altars:
Ashenzari
Cheibriados
Dithmenos
Elyvilon
Fedhas
Gozag
Hepliaklqana
Makhleb
Nemelex Xobeh
Okawaru
Qazlal
Ru
Sif Muna
Trog
Uskayaw
Vehumet
Xom
Yredelemnul
Zin
The Shining One
Beogh
Jiyva

Shops:
D:9 (   D:10 !*}   D:13 !   D:14 :   Orc:2 *=}}([[[

Annotations:
D:8 Erica
D:9 dobroeutro's ghost, novice GrFi
D:14 Cokeysmoke's ghost, journeyman MiFi
Lair:2 exclusion: lindwurm
Lair:6 Nessos


Innate Abilities, Weirdness & Mutations

You have a beak for a mouth.
You have claws for feet.
You can fly continuously.


Message History

Press: ? - help, Dir - move target cursor, f/p - skeletal warrior
Aim: a skeletal warrior, wielding a glaive (severely damaged)
Okay, then.
Okay, then.
Evoke which item? (* to show all) (? for menu, Esc to quit)
Okay, then.
Casting: Conjure Flame
Confirm with . or Enter, or press ? or * to list all spells.
You blink.
The skeletal warrior misses you.
Okay, then.
A worker ant comes into view.
The worker ant twitches its antennae in your direction.
The worker ant bites you but does no damage.
You block the worker ant's attack. You block the worker ant's attack.
A cyclops comes into view.
The cyclops shouts!
The cyclops throws a large rock.
The large rock hits you!!!
Ouch! That really hurt!
You die...

..# #C+....#..# ..# #.#
#.#....#..#### ..# #.#
#.###'##.....# ..# #.#
#............# ..# #.#
#............# ..# #.#
#.....)......# .W# #.#
#............# #.# #.#
#.@..........#
#.#####.#######.##+##.<....#
#......(........# #z.....#
#...............# #......#
#.........(....z# #.....##
#...............#####.....#
#.......[...)[(.z.z.za....#
#..######.................#


You could see a skeletal warrior and a cyclops.

Vanquished Creatures
  An orc warlord (Orc:2)
  Josephine (D:13)
  Snorg (D:13)
  A minotaur (Lab)
  Erolcha (Orc:2)
  11 hydras
  A centaur warrior (D:13)
  A death knight (D:13)
  4 orc high priests
  6 skeletal warriors (D:13)
  3 unseen horrors
  A wizard (D:14)
  Pikel (D:5)
  2 hill giants
  A necromancer (D:13)
  An ugly thing (D:11)
  7 orc knights
  4 orc sorcerers
  2 manticores
  4 cyclopes
  28 elephants
  Psyche (D:8)
  4 black mambas
  3 centaur skeletons
  A gargoyle (D:13)
  13 spiny frogs
  3 rime drakes
  An efreet (D:13)
  3 kobold demonologists (D:14)
  8 komodo dragons
  10 polar bears
  A queen bee (Lair:5)
  3 meliai (Lair:5)
  5 trolls
  A hornet (D:9)
  Grinder (D:3)
  A two-headed ogre (Orc:1)
  9 blink frogs
  3 raiju (Lair:6)
  8 hippogriffs
  4 wraiths
  A shadow (D:11)
  3 hogs (D:7)
  A human (D:7)
  25 yaks
  4 wyverns
  5 basilisks
  A steam dragon (Lair:5)
  2 hungry ghosts
  4 vampire mosquitoes
  3 soldier ants
  12 wargs
  4 nagas (Lair:2)
  Menkaure (D:5)
  18 water moccasins
  18 porcupines
  5 hell hounds (Lair:6)
  40 orc warriors
  A phantom (D:7)
  14 black bears
  3 sky beasts
  5 ice beasts
  A necrophage (D:10)
  9 ogres
  20 wolves
  13 crocodiles
  11 centaurs
  A big kobold (D:9)
  14 bullfrogs
  2 wyvern zombies
  4 scorpions
  A water moccasin skeleton (D:10)
  28 killer bees
  13 wights
  2 howler monkeys
  2 electric eels (D:12)
  6 crimson imps
  3 centaur zombies
  2 jellies
  A quasit (D:10)
  32 orc wizards
  26 orc priests
  23 hounds
  A gnoll shaman (D:9)
  3 iguanas
  Ijyb (D:2)
  A hell rat (D:5)
  10 worker ants
  2 hound skeletons
  A worker ant zombie (D:11)
  17 gnolls
  18 adders
  2 river rats (Lair:5)
  4 shadow imps
  12 oozes
  2 adder zombies
  An adder skeleton (D:7)
  4 worms
  5 dart slugs
  10 leopard geckos
  94 orcs
  14 ball pythons
  7 bats
  13 giant cockroaches
  10 goblins
  5 hobgoblins
  6 jackals
  2 quokkas
  10 frilled lizards
  A giant cockroach zombie (D:5)
  19 kobolds
  2 rats
  3 fungi
829 creatures vanquished.

Vanquished Creatures (others)
  A slave (D:5)
  A centaur zombie (D:5)
  2 orc priests (Orc:2)
  3 orcs
  7 fungi
  18 plants
32 creatures vanquished.

Grand Total: 861 creatures vanquished

Notes
Turn   | Place    | Note
-------+----------+-------------------------------------------
     0 | D:1      | Medar the Tengu Fire Elementalist began the quest for the Orb.
     0 | D:1      | Reached XP level 1. HP: 10/10 MP: 4/4
   153 | D:1      | Reached skill level 2 in Conjurations
   200 | D:1      | Reached XP level 2. HP: 15/15 MP: 3/6
   560 | D:1      | Learned a level 2 spell: Throw Flame
   693 | D:1      | Reached skill level 3 in Conjurations
   717 | D:1      | Reached XP level 3. HP: 19/19 MP: 3/7
  1138 | D:2      | Learned a level 3 spell: Conjure Flame
  1573 | D:2      | Found a snail-covered altar of Cheibriados.
  1751 | D:2      | Reached XP level 4. HP: 21/24 MP: 6/8
  1867 | D:2      | Noticed Ijyb
  1900 | D:2      | Reached skill level 4 in Conjurations
  1923 | D:2      | HP: 1/24 [Ijyb/dagger (3)]
  2611 | D:3      | Found a shimmering altar of Xom.
  2612 | D:3      | Found a hazy altar of Hepliaklqana.
  2612 | D:3      | Noticed a caustic shrike
  2613 | D:3      | Noticed a spectral ugly thing
  2613 | D:3      | Noticed a caustic shrike
  3032 | D:3      | Gained mutation: You can fly. [Tengu growth]
  3032 | D:3      | Reached XP level 5. HP: 26/28 MP: 5/9
  3243 | D:3      | Noticed Grinder
  3269 | D:3      | Paralysed by Grinder for 4 turns
  3465 | D:3      | Killed Grinder
  3465 | D:3      | Reached skill level 5 in Conjurations
  3465 | D:3      | Reached skill level 5 in Fire Magic
  3465 | D:3      | Reached XP level 6. HP: 6/32 MP: 1/11
  3471 | D:3      | Learned a level 4 spell: Sticky Flame
  3967 | D:2      | Killed Ijyb
  4223 | D:2      | Found a deep blue altar of Sif Muna.
  4299 | D:2      | Reached skill level 6 in Conjurations
  4500 | D:4      | Got a warped leather armour
  4511 | D:4      | Identified the +3 leather armour of Circular Logic {rF+ Int-3 Dex+2} (You found it on level 4 of the Dungeon)
  4678 | D:4      | Reached XP level 7. HP: 36/36 MP: 7/12
  4832 | D:4      | Gained mutation: You are weak. (Str -2) [mutagenic meat]
  4833 | D:4      | Gained mutation: Your mind is acute. (Int +2) [mutagenic meat]
  4834 | D:4      | Gained mutation: You are partially covered in thin metallic scales. (AC +2) [mutagenic meat]
  4835 | D:4      | Gained mutation: You are very weak. (Str -4) [mutagenic meat]
  4959 | D:4      | Reached skill level 7 in Conjurations
  5007 | D:4      | Found a white marble altar of Elyvilon.
  5318 | D:5      | Entered Level 5 of the Dungeon
  5489 | D:5      | Found a staircase to the Ecumenical Temple.
  5535 | Temple   | Entered the Ecumenical Temple
  5922 | D:2      | Became a worshipper of Sif Muna the Loreminder
  6199 | D:5      | Noticed Edmund
  6243 | D:5      | Noticed Pikel
  6471 | D:5      | Noticed Edmund
  6471 | D:5      | Edmund changed into Edmund the hell rat
  6717 | D:5      | Killed Pikel
  6717 | D:5      | Reached * piety under Sif Muna
  6717 | D:5      | Reached skill level 8 in Conjurations
  6717 | D:5      | Reached XP level 8. HP: 36/41 MP: 6/15
  6841 | D:5      | Noticed Menkaure
  6847 | D:5      | Killed Menkaure
  6909 | D:5      | Reached skill level 5 in Spellcasting
  6916 | D:5      | Learned a level 5 spell: Fireball
  7302 | D:5      | Killed Edmund the hell rat
  7610 | D:6      | Reached skill level 1 in Shields
  7873 | D:6      | Reached XP level 9. HP: 46/46 MP: 11/17
  8128 | D:6      | Found a glowing drain.
  8140 | Sewer    | Entered a sewer
  9049 | D:6      | Reached skill level 1 in Fighting
  9065 | D:6      | Reached ** piety under Sif Muna
  9261 | D:6      | Reached skill level 9 in Conjurations
  9763 | D:7      | Reached skill level 5 in Dodging
  9763 | D:7      | Reached skill level 10 in Conjurations
  9794 | D:7      | Reached XP level 10. HP: 19/56 MP: 0/18
 10095 | D:7      | Identified a -1 rod of clouds (14/14) (You found it on level 7 of the Dungeon)
 10188 | D:7      | Got a shimmering ring mail
 10199 | D:7      | Identified the cursed +1 ring mail of the Earth {rPois rC- Regen+} (You found it on level 7 of the Dungeon)
 10746 | D:8      | Learned a level 2 spell: Repel Missiles
 10785 | D:7      | Learned a level 1 spell: Shock
 10809 | D:8      | Reached skill level 1 in Air Magic
 10843 | D:8      | Noticed Psyche
 10849 | D:8      | Killed Psyche
 10849 | D:8      | Reached skill level 1 in Charms
 10932 | D:8      | Noticed Erica
 10985 | D:8      | Found a glowing silver altar of Zin.
 11391 | D:9      | Got a translucent hunting sling
 11398 | D:9      | Identified the +2 hunting sling of Annihilation {flame, Dex+3} (You found it on level 9 of the Dungeon)
 11423 | D:9      | Reached *** piety under Sif Muna
 11610 | D:9      | Reached skill level 1 in Invocations
 11618 | D:9      | Noticed dobroeutro's ghost (novice GrFi)
 11770 | D:9      | Reached skill level 1 in Armour
 12033 | D:9      | Found a staircase to the Lair.
 12203 | D:9      | Found an iron altar of Okawaru.
 12278 | D:9      | Found Iloaveatt's Antique Weapon Boutique.
 13182 | D:9      | Reached skill level 11 in Conjurations
 13386 | D:9      | Learned a level 2 spell: Blink
 13446 | D:9      | Reached **** piety under Sif Muna
 13565 | Lair:1   | Entered Level 1 of the Lair of Beasts
 13580 | Lair:1   | Reached XP level 11. HP: 62/62 MP: 15/20
 13664 | Lair:1   | Learned a level 3 spell: Static Discharge
 14139 | Lair:1   | Reached skill level 1 in Translocations
 14820 | Lair:2   | Reached ***** piety under Sif Muna
 14880 | Lair:2   | Received a gift from Sif Muna
 14883 | Lair:2   | Noticed a five-headed hydra
 14893 | Lair:1   | Reached skill level 5 in Translocations
 15027 | Lair:2   | Killed a five-headed hydra
 15049 | Lair:2   | Noticed a seven-headed hydra
 15167 | Lair:2   | Killed a seven-headed hydra
 15314 | Lair:2   | Found a dark tunnel.
 15315 | Lair:2   | Noticed a lindwurm
 15318 | Volcano  | Entered a volcano
 15349 | Volcano  | Noticed a wizard
 15539 | Lair:2   | Reached XP level 12. HP: 41/67 MP: 4/22
 15971 | Lair:2   | Reached skill level 12 in Conjurations
 16162 | Lair:2   | Found a staircase to the Snake Pit.
 16884 | Lair:3   | Reached skill level 13 in Conjurations
 16978 | Lair:2   | Received a gift from Sif Muna
 16990 | Lair:2   | Learned a level 4 spell: Iskenderun's Mystic Blast
 17964 | Lair:3   | Reached skill level 14 in Conjurations
 18788 | Lair:4   | Noticed an eight-headed hydra
 18795 | Lair:4   | Killed an eight-headed hydra
 18795 | Lair:4   | Reached XP level 13. HP: 72/72 MP: 10/27
 19171 | Lair:4   | Identified Sif Muna's Volume of Fetching Conjuration (Sif Muna gifted it to you on level 4 of the Lair of Beasts)
 19171 | Lair:4   | Received a gift from Sif Muna
 19474 | Lair:4   | Reached skill level 15 in Conjurations
 19492 | Lair:4   | Reached skill level 10 in Spellcasting
 19749 | Lair:4   | Found a staircase to the Swamp.
 20701 | Lair:5   | Found a staircase to the Slime Pits.
 20701 | Lair:5   | Found a viscous altar of Jiyva.
 21974 | Lair:4   | Identified Sif Muna's Volume of the Bewitching Voyage (Sif Muna gifted it to you on level 4 of the Lair of Beasts)
 21974 | Lair:4   | Received a gift from Sif Muna
 22944 | Lair:5   | Learned a level 7 spell: Orb of Destruction
 22965 | Lair:6   | Entered Level 6 of the Lair of Beasts
 22977 | Lair:5   | Reached skill level 16 in Conjurations
 23358 | Lair:6   | Gained mutation: You can fly continuously. [Tengu growth]
 23358 | Lair:6   | Reached XP level 14. HP: 76/76 MP: 2/29
 23462 | Lair:6   | Reached skill level 5 in Armour
 24285 | Lair:6   | Noticed Nessos
 25949 | Lair:6   | Identified Coiqezep's Tome of Confrontation (Sif Muna gifted it to you on level 6 of the Lair of Beasts)
 25949 | Lair:6   | Received a gift from Sif Muna
 26380 | D:9      | Learned a level 5 spell: Bolt of Magma
 26410 | D:10     | Entered Level 10 of the Dungeon
 26850 | D:10     | Found Monym's Gadget Boutique.
 26908 | D:10     | Found Jucs's Blasphemy Boutique.
 26910 | D:10     | Found a basalt altar of Yredelemnul.
 26918 | D:10     | Bought a +1 demon trident of electrocution for 667 gold pieces
 27031 | D:10     | Found Nucajule's Distillery.
 27035 | D:10     | Bought a potion of heal wounds for 80 gold pieces
 27035 | D:10     | Bought a potion of heal wounds for 80 gold pieces
 27343 | D:10     | Reached skill level 1 in Polearms
 27525 | D:11     | Found a labyrinth entrance.
 27550 | Lab      | Entered a labyrinth
 27854 | Lab      | Got a fine amber ring
 27866 | Lab      | Identified a +0 rod of ignition (12/12) (You found it in a labyrinth)
 27869 | Lab      | Identified the ring "Finig" {rElec Str+3 Dex-5 Stlth+} (You found it in a labyrinth)
 27876 | Lab      | Identified a scroll of acquirement
 27878 | Lab      | Identified a +4 rod of ignition (12/12) (You found it in a labyrinth)
 27898 | D:11     | Got a faintly glowing buckler
 27909 | D:11     | Identified the +5 buckler of the Volcano {rF+ rN+ Str-3} (You acquired it on level 11 of the Dungeon)
 27909 | D:11     | Lost mutation: Your mind is acute. (Int +2) [potion of cure mutation]
 27909 | D:11     | Lost mutation: You are partially covered in thin metallic scales. (AC +2) [potion of cure mutation]
 27909 | D:11     | Lost mutation: You are very weak. (Str -4) [potion of cure mutation]
 27909 | D:11     | Lost mutation: You are weak. (Str -2) [potion of cure mutation]
 28762 | D:12     | Reached skill level 5 in Polearms
 29368 | D:12     | Found a staircase to the Orcish Mines.
 29418 | Orc:1    | Entered Level 1 of the Orcish Mines
 30114 | Orc:2    | Entered Level 2 of the Orcish Mines
 30114 | Orc:2    | Found a roughly hewn altar of Beogh.
 30114 | Orc:2    | Found a roughly hewn altar of Beogh.
 30246 | Orc:2    | Noticed Erolcha
 30581 | Orc:2    | Noticed an orc warlord
 30877 | Orc:2    | Killed Erolcha
 31018 | Orc:2    | Reached XP level 15. HP: 68/80 MP: 31/31
 31031 | Orc:2    | Found Vickik Isut's General Store.
 31592 | Orc:2    | Killed an orc warlord
 31617 | Orc:2    | Found Yshaic's Jewellery Emporium.
 31651 | Orc:2    | Bought a scroll of teleportation for 39 gold pieces
 31706 | Orc:2    | HP: 1/80 [orc warrior/trident (27)]
 31949 | Orc:1    | HP: 1/80 [orc warrior/short sword (14)]
 32454 | Orc:2    | Found a bloodstained altar of Trog.
 32577 | Orc:2    | Found a staircase to the Elven Halls.
 32803 | Orc:2    | Found Teap's Armour Boutique.
 32970 | Orc:2    | Found Pumoar's Armour Boutique.
 33007 | Orc:2    | Reached skill level 10 in Polearms
 33595 | Orc:2    | Found Bafitt's Weapon Boutique.
 33595 | Orc:2    | Found Dadimoil's Armour Emporium.
 33600 | Orc:2    | Found Atzoczoo's Gadget Boutique.
 33600 | Orc:2    | Found Numanie's Gadget Emporium.
 33768 | Orc:2    | Bought the +2 pair of gloves of Daraesse {Int+4 Dex-4} for 322 gold pieces
 34285 | D:13     | Found an opulent altar of Gozag.
 34487 | D:13     | Found a shadowy altar of Dithmenos.
 34644 | D:13     | Received a gift from Sif Muna
 34854 | D:13     | Reached skill level 17 in Conjurations
 34856 | D:13     | Noticed Snorg
 34857 | D:13     | Noticed Josephine
 35447 | D:13     | Killed Josephine
 35492 | D:13     | Killed Snorg
 35875 | D:13     | Found a gate to the Vaults.
 36252 | D:13     | Found Wesoplax's Distillery.
 36521 | D:13     | Reached skill level 10 in Fire Magic
 36902 | D:14     | Found Havyoq's Book Shoppe.
 36910 | D:14     | Noticed Cokeysmoke's ghost (journeyman MiFi)
 37563 | D:14     | Hit by a large rock thrown by a cyclops

Skill      XL: |  1  2  3  4  5  6  7  8  9 10 11 12 13 14 15 |
---------------+----------------------------------------------+-----
Conjurations   | 2 3 4 5 6 8 10 11 14 16 17 | 17.5
Fire Magic     | 4 5 7 11 | 11.0
Spellcasting   | 3 4 5 6 9 10 11 | 11.3
Shields        | 2 4 |  4.7
Fighting       | 4 |  4.5
Dodging        | 5 6 7 8 9 |  9.5
Air Magic      | 4 |  4.1
Charms         | 2 |  2.5
Invocations    | 3 4 |  4.7
Armour         | 1 4 6 |  6.3
Translocations | 6 |  6.5
Polearms       | 7 10 | 10.6
Stealth        | |  2.0

Action                   |  1- 3 |  4- 6 |  7- 9 | 10-12 | 13-15 || total
-------------------------+-------+-------+-------+-------+-------++-------
Melee: Short sword       |     5 |    20 |       |       |       ||    25
       Kick              |     1 |     7 |    32 |    53 |    47 ||   140
       Peck              |       |     4 |    17 |    34 |    43 ||    98
       Dagger            |       |    10 |    36 |       |       ||    46
       Flail             |       |       |   119 |   230 |    80 ||   429
       Demon trident     |       |       |       |       |   332 ||   332
Throw: Tomahawk          |       |     2 |       |       |       ||     2
 Cast: Flame Tongue      |    62 |   112 |   163 |    21 |       ||   358
       Conjure Flame     |       |     4 |    10 |    12 |    19 ||    45
       Sticky Flame      |       |     2 |    36 |   129 |   110 ||   277
       Throw Flame       |       |       |    13 |    94 |    31 ||   138
       Shock             |       |       |       |    24 |       ||    24
       Fireball          |       |       |       |    39 |   446 ||   485
       Repel Missiles    |       |       |       |     2 |     4 ||     6
       Blink             |       |       |       |     5 |     7 ||    12
       Iskenderun's Myst |       |       |       |       |     6 ||     6
       Static Discharge  |       |       |       |       |     3 ||     3
       Orb of Destructio |       |       |       |       |    12 ||    12
       Bolt of Magma     |       |       |       |       |     7 ||     7
Invok: Divine Energy     |       |       |       |     6 |     8 ||    14
       Stop Divine Energ |       |       |       |     6 |     8 ||    14
       Channel Magic     |       |       |       |     1 |    10 ||    11
       Forget Spell      |       |       |       |       |     1 ||     1
 Abil: Fly               |       |       |     1 |    12 |     4 ||    17
Evoke: Wand              |       |       |     3 |     3 |     2 ||     8
       Rod               |       |       |       |     1 |       ||     1
  Use: Scroll            |     5 |     3 |     8 |    12 |    20 ||    48
       Potion            |       |     2 |     1 |     1 |     8 ||    12
 Stab: Sleeping          |       |       |     1 |       |     1 ||     2
       Distracted        |       |       |       |     1 |       ||     1
  Eat: Chunk             |     4 |    10 |    18 |    46 |   105 ||   183
       Beef jerky        |       |     1 |     2 |     6 |    16 ||    25
       Royal jelly       |       |       |     1 |       |     7 ||     8
       Bread ration      |       |       |     1 |       |       ||     1
       Pizza             |       |       |       |     2 |     1 ||     3
Armor: Robe              |    13 |    19 |    91 |     2 |       ||   125
       Ring mail         |       |       |       |   186 |   174 ||   360
Dodge: Dodged            |    32 |    59 |   189 |   228 |   354 ||   862
       Deflected         |       |       |       |     4 |    28 ||    32
Block: Buckler           |       |       |    56 |   125 |   245 ||   426
